 Dungeon Crawl Stone Soup version 0.30-a0-12-gd8047c6341 (webtiles) character file.

Game seed: 2113573062251680800

1444 porpoise the Spear-Bearer (level 8, -1/67 HPs)
             Began as a Merfolk Gladiator on Aug 24, 2022.
             Was a Follower of Yredelemnul.
             Slain by Grum
             ... wielding a +0 spear of venom
              (15 damage)
             ... on level 5 of the Dungeon.
             The game lasted 00:18:57 (6040 turns).

porpoise the Spear-Bearer (Merfolk Gladiator)       Turns: 6040, Time: 00:18:58

Health: -1/67      AC:  8    Str: 16    XL:     8   Next: 74%
Magic:  10/10      EV: 12    Int:  8    God:    Yredelemnul [*.....]
Gold:   110        SH:  3    Dex: 15    Spells: 5/7 levels left

rFire   . . .      SeeInvis .    a - +0 trident
rCold   . . .      Faith    .    z - +0 buckler
rNeg    . . .      Spirit   .    q - +0 ring mail
rPois   .          Reflect  .    c - +1 helmet
rElec   .          Harm     .    (no cloak)
rCorr   .          Rampage  .    n - +0 pair of gloves
Will    .....                    (no boots)
Stlth   +.........               h - amulet of the acrobat
HPRegen 0.21/turn                (no ring)
MPRegen 0.12/turn                (no ring)

@: no status effects
A: (nimble swimmer 2), mertail
a: Renounce Religion, Recall Undead Harvest


You were on level 5 of the Dungeon.
You worshipped Yredelemnul.
Yredelemnul was noncommittal.
You visited 1 branch of the dungeon, and saw 5 of its levels.
You also visited: Sewer.

You collected 182 gold pieces.
You spent 72 gold pieces at shops.

Inventory:

Hand Weapons
 a - a +0 trident (weapon)
 b - a +0 sling
Missiles
 d - 5 throwing nets
 e - a javelin
 j - 6 poisoned darts (quivered)
 m - 4 boomerangs
Armour
 c - a +1 helmet (worn)
 n - a +0 pair of gloves (worn)
 q - a +0 ring mail (worn)
 z - a +0 buckler (worn)
Magical Staves
 w - a staff of death
 x - a staff of cold
Jewellery
 h - an amulet of the acrobat (around neck)
 B - a ring of fire
Wands
 C - a wand of roots (11)
Scrolls
 i - 3 scrolls of fear
 k - a scroll of amnesia
 l - a scroll of enchant armour
 o - 2 scrolls of identify
 p - a scroll of silence {unknown}
 r - a scroll of poison
 t - a scroll of vulnerability
 u - 2 scrolls of acquirement {unknown}
 v - 2 scrolls of teleportation
 y - a scroll of enchant weapon {unknown}
 A - a scroll of immolation {unknown}
 D - a scroll of summoning {unknown}
Potions
 f - 2 potions of resistance
 g - 3 potions of curing
 s - 2 potions of cancellation


   Skills:
 - Level 7.0 Fighting
 + Level 11.0 Polearms
 - Level 2.0 Throwing
 + Level 4.4 Dodging
 - Level 3.0 Invocations


You had 5 spell levels left.
You knew the following spells:

 Your Spells              Type           Power      Damage    Failure   Level
w - Wereblood             Tmut           0%         N/A       87%         2

Your spell library contained the following spells:

 Spells                   Type           Power      Damage    Failure   Level
 Sublimation of Blood     Necr           0%         N/A       87%         2
 Animate Armour           Summ/Erth      0%         N/A       100%        4
 Blade Hands              Tmut           0%         N/A       100%        5
 Iron Shot                Conj/Erth      0%         9d1       100%        6
 Summon Hydra             Summ           0%         N/A       100%        7


Dungeon Overview and Level Annotations

Branches:
Dungeon (5/15)             Temple (0/1) D:5           Sewer (visited)

Altars:
Cheibriados
Elyvilon
Kikubaaqudgha
Nemelex Xobeh
Trog
Uskayaw
Yredelemnul

Shops:
D:3 !

Annotations:
D:5 Grum


Innate Abilities, Weirdness & Mutations

((You are very nimble when in or above water. (Stealth+, EV+, Speed+++)))
Your lower body shifts to a powerful aquatic tail in water.


Message History

Grum completely misses you.
There is a large open door here.
You hit Grum.
Grum is moderately wounded.
You feel sick.
Your gnoll zombie closely misses Grum.
You block Grum's attack.
You hit Grum.
Grum is moderately wounded.
You feel sick.
You puncture Grum!
Grum is heavily wounded.
You feel sick. Grum closely misses you.
Your gnoll zombie hits Grum but does no damage.
You closely miss Grum.
Grum is heavily wounded.
You feel sick. Grum barely misses you.
Your gnoll zombie barely misses Grum.
You hit Grum but do no damage.
Grum is heavily wounded.
You feel sick. Grum hits you with a +0 spear of venom!
* * * LOW HITPOINT WARNING * * *
You are more poisoned.
You hit Grum but do no damage.
Grum is heavily wounded.
You feel sick.
Your gnoll zombie barely misses Grum.
You feel better. Grum hits you with a +0 spear of venom!
* * * LOW HITPOINT WARNING * * *
You are lethally poisoned!
Your gnoll zombie barely misses Grum.
You feel better. You block Grum's attack.
Your gnoll zombie barely misses Grum.
Grum attacks as you move away! Grum hits you with a +0 spear of venom.
* * * LOW HITPOINT WARNING * * *
You are lethally poisoned!
* * * LOW HITPOINT WARNING * * *
You feel very sick.
Grum hits you from afar with a +0 spear of venom!
* * * LOW HITPOINT WARNING * * *
You are more poisoned.
You feel better.
Grum hits you from afar with a +0 spear of venom!
You die...
Your body rises from the dead as a mindless zombie.

....(............................
...............................##
..<............................##
.............#...##..............
................####........(...(
...............##..##....)...##.<
...............##g.##........###.
................#ZZ#.........# #.
.............#..@Z..........## #.
.............#......###....## ##.
.............#.....## ##...# #..
.............#.....+ ##..# #..
.....>......##.....+ #..# ##..
............##.....+ ##..###..#
............##.....## ##........#
##...........#......###..........
#.........................###....


You could see Grum (ally target), a friendly hound zombie, a friendly gnoll
zombie and a friendly ogre zombie.

Vanquished Creatures
  Sigmund (D:4)
  2 ogres (D:5)
  A centaur (D:5)
  2 bullfrogs
  A scorpion (D:5)
  3 hounds
  3 gnoll boudas (D:5)
  A hell rat (Sewer)
  An orc wizard (D:3)
  3 river rats (Sewer)
  8 adders
  13 gnolls
  A white imp (D:5)
  A worm (D:4)
  9 orcs
  4 endoplasms
  3 giant cockroaches
  6 goblins
  6 hobgoblins
  13 jackals
  3 quokkas
  2 ball pythons (D:1)
  2 bats
  3 frilled lizards
  3 kobolds
  12 rats
107 creatures vanquished.

Vanquished Creatures (collateral kills)
  An ogre (D:5)
  A gnoll sergeant (D:5)
  3 hounds (D:5)
  An iguana (D:5)
  A gnoll (D:5)
  2 adders (D:5)
  An orc (D:5)
  A jackal (D:5)
11 creatures vanquished.

Vanquished Creatures (others)
  A bullfrog zombie (D:5)
  A scorpion zombie (D:5)
  An ogre zombie (D:5)
  3 hound zombies (D:5)
  An iguana zombie (D:5)
  4 adder zombies (D:5)
  2 gnoll zombies (D:5)
  An orc zombie (D:5)
14 creatures vanquished.

Grand Total: 132 creatures vanquished

Notes
Turn   | Place    | Note
-------+----------+-------------------------------------------
     0 | D:1      | porpoise the Merfolk Gladiator began the quest for the Orb.
     0 | D:1      | Reached XP level 1. HP: 16/16 MP: 1/1
   224 | D:1      | Reached XP level 2. HP: 19/23 MP: 2/2
   560 | D:1      | Reached XP level 3. HP: 29/29 MP: 3/3
   676 | D:1      | Reached skill level 5 in Polearms
  1179 | D:2      | Found a hide-covered altar of Uskayaw.
  1543 | D:2      | Reached XP level 4. HP: 34/35 MP: 4/4
  1970 | D:2      | Reached XP level 5. HP: 13/42 MP: 5/5
  2221 | D:2      | Reached skill level 6 in Polearms
  2421 | D:3      | Found Uckacs's Distillery.
  2546 | D:3      | Noticed a +0 dagger
  2546 | D:3      | Noticed a +0 hand axe
  2547 | D:3      | Found a hide-covered altar of Uskayaw.
  2614 | D:3      | Found a glowing drain.
  2628 | Sewer    | Entered a sewer
  2816 | Sewer    | Reached XP level 6. HP: 14/50 MP: 6/6
  3227 | D:3      | Bought 2 potions of curing for 72 gold pieces
  3279 | D:3      | Reached skill level 5 in Fighting
  3494 | D:3      | Reached skill level 7 in Polearms
  3903 | D:4      | Noticed Sigmund
  3922 | D:4      | Killed Sigmund
  3923 | D:4      | Reached XP level 7. HP: 31/58 MP: 7/7
  4112 | D:4      | Found a basalt altar of Yredelemnul.
  4178 | D:4      | Became a worshipper of Yredelemnul the Dark
  4296 | D:4      | Found a bloodstained altar of Trog.
  4309 | D:4      | Found a white marble altar of Elyvilon.
  4310 | D:4      | Found an ancient bone altar of Kikubaaqudgha.
  4428 | D:4      | Found a snail-covered altar of Cheibriados.
  4430 | D:4      | Found a sparkling altar of Nemelex Xobeh.
  4499 | D:5      | Entered Level 5 of the Dungeon
  4518 | D:5      | Reached skill level 8 in Polearms
  4518 | D:5      | Reached skill level 1 in Invocations
  4862 | D:5      | Reached * piety under Yredelemnul
  4892 | D:5      | Reached XP level 8. HP: 29/65 MP: 9/9
  5111 | D:5      | Reached ** piety under Yredelemnul
  5111 | D:5      | Reached skill level 9 in Polearms
  5299 | D:5      | Found a staircase to the Ecumenical Temple.
  5399 | D:5      | Reached skill level 10 in Polearms
  5884 | D:5      | Learned a level 2 spell: Wereblood
  5941 | D:5      | Reached skill level 11 in Polearms
  6020 | D:5      | Noticed Grum
  6039 | D:5      | HP: 3/67 [Grum/+0 spear of venom (7)]
  6040 | D:5      | Slain by Grum

Illustrated notes

Levels and vault maps discovered:
D:1:      nagdon_arrival_double_spiral, layout_basic,
          chequers_serial_rivers_marsh
D:2:      layout_loops_ring, basic_altar, guppyfry_early_orc_mine
D:3:      layout_basic, dancing_weapons_uskayaw, serial_shops, shop,
          portal_sewer_entry_a
D:4:      layout_cave_pools, yredelemnul_altar_generic,
          nicolae_overflow_hidden_temple, gammafunk_temple_overflow_forgotten,
          uniq_sigmund
D:5:      layout_cave_pools, temple_statues, serial_gnoll_camp,
          gnoll_camp_mini_basic, gnoll_camp_mini_hut, grums_kennel,
          gnoll_camp_mini_house

Skill      XL: |  1  2  3  4  5  6  7  8 |
---------------+-------------------------+-----
Fighting       | 3 4 6 7 |  7.0
Polearms       | 5 6 7 8 11 | 11.0
Invocations    | 2 3 |  3.0
Throwing       | |  2.0
Dodging        | |  4.4

Action                   |  1- 3 |  4- 6 |  7- 9 || total
-------------------------+-------+-------+-------++-------
Melee: Trident           |   114 |   188 |   169 ||   471
       Tailslap          |     2 |     1 |       ||     3
       Punch             |       |     2 |       ||     2
 Fire: Sling             |       |       |     6 ||     6
Throw: Throwing net      |       |     3 |       ||     3
       Dart              |       |       |     5 ||     5
  Use: Scroll            |     1 |     6 |     4 ||    11
       Potion            |       |     3 |     6 ||     9
 Stab: Sleeping          |     1 |       |       ||     1
       Distracted        |       |       |     1 ||     1
Armor: Leather armour    |    26 |     2 |       ||    28
       Ring mail         |       |    34 |    27 ||    61
       Skin              |       |       |    27 ||    27
Dodge: Dodged            |    89 |    91 |    79 ||   259
Block: Buckler           |       |       |     6 ||     6

Table legend: (Time is in decaauts)
 A = Elapsed time spent in this place.
 B = Non-inter-level travel time spent in this place.
 C = Inter-level travel time spent in this place.
 D = Time resting spent in this place.
 E = Time spent auto-exploring this place.
 F = Levels seen in this place.
 G = Mean time per level.
                   A        B        C        D        E       F      G
               +--------+--------+--------+--------+--------+-----+--------+
         Total |   6022 |   5944 |     78 |   2164 |   2616 |   6 | 1003.7 |
       Dungeon |   5607 |   5529 |     78 |   1860 |   2612 |   5 | 1121.4 |
         Sewer |    414 |    414 |      0 |    304 |      4 |   1 |  414.0 |
               +--------+--------+--------+--------+--------+-----+--------+

Top non-repeatable levels by time:
     D:5: 1542 daAuts
     D:2: 1279 daAuts
     D:1: 1168 daAuts
     D:3: 974 daAuts
     D:4: 642 daAuts
   Sewer: 414 daAuts
